[Event "Titled Tuesday Blitz January 10 Early 2023"]
[White "Goryachkina, Aleksandra"]
[Black "Fernandez Siles, Luis"]
[WhiteFideId "4147103"]
[BlackFideId "2209420"]
[WhiteElo "2571"]
[BlackElo "2218"]
[Result "1-0"]
[Round "02"]
[TimeControl "180+2"]
[Date "2023.01.10"]
[WhiteClock "0:00:47"]
[BlackClock "0:00:07"]

1. e4 c5 2. Nf3 Nc6 3. Bb5 g6 4. Bxc6 dxc6 5. d3 Bg7 6. h3 Nf6 7. Nc3 Nd7 8. Be3 e5 9. Qd2 h6 10. O-O f5 11. exf5 gxf5 12. Rae1 Kf7 13. Qe2 Re8 14. Nh2 Qh4 15. Bd2 Nf6 16. Nf3 Qb4 17. Nxe5+ Kg8 18. Qd1 Qxb2 19. Nc4 Qb4 20. Nd5 Rxe1 21. Rxe1 Qa4 22. Nxf6+ Bxf6 23. Re8+ Kg7 24. Qh5 Bg5 25. Bxg5 hxg5 26. Re7+ Kg8 27. Qe8# 1-0


[Site "https://www.chess.com"]

[Event "Titled Tuesday Blitz January 10 Early 2023"]
[White "Golizadeh, Asghar"]
[Black "Starozhilov, Leonid"]
[WhiteFideId "12505269"]
[BlackFideId "14106752"]
[WhiteElo "2455"]
[BlackElo "2313"]
[Result "0-1"]
[Round "02"]
[TimeControl "180+2"]
[Date "2023.01.10"]
[WhiteClock "0:00:01"]
[BlackClock "0:00:11"]

1. e4 Nc6 2. Nf3 d6 3. d4 Nf6 4. d5 Nb8 5. Nbd2 c6 6. c4 Bg4 7. Be2 Nbd7 8. h3 Bxf3 9. Bxf3 g6 10. O-O Bg7 11. Be2 O-O 12. f4 a6 13. Bd3 Rc8 14. Nf3 b5 15. dxc6 Rxc6 16. cxb5 axb5 17. Be3 b4 18. Bb5 Rc7 19. e5 Ne4 20. Qd5 Ndc5 21. Bxc5 Nxc5 22. Rad1 Qb8 23. exd6 exd6 24. Qxd6 Bxb2 25. Bc6 Qb6 26. Kh1 Qxc6 27. Qd2 Bc3 28. Qf2 Ne4 29. Qh4 Qf6 30. Ng5 Nxg5 31. fxg5 Qe5 32. Rf4 Re7 33. Qf2 Qe3 34. Qf1 Be5 35. Rg4 Bc3 36. Qc4 Qe2 37. Qd5 Re5 38. Qd7 Re7 39. Qd5 Qe6 40. Qd3 Qxa2 41. Rh4 Qe2 42. Qb1 Qf2 43. Rg4 Rfe8 44. Kh2 Be5+ 45. Kh1 Bg3 46. Rg1 Re1 47. Rxg3 Rxg1+ 48. Qxg1 Qxg1+ 0-1


[Site "https://www.chess.com"]

[Event "Titled Tuesday Blitz January 10 Early 2023"]
[White "Goltsev, Dmitry"]
[Black "Gutkin, Ilya"]
[WhiteFideId "24176710"]
[BlackFideId "16203470"]
[WhiteElo "2269"]
[BlackElo "2273"]
[Result "1-0"]
[Round "02"]
[TimeControl "180+2"]
[Date "2023.01.10"]
[WhiteClock "0:01:56"]
[BlackClock "0:00:08"]

1. e4 e6 2. d4 d5 3. exd5 exd5 4. Nf3 Nc6 5. c4 Bb4+ 6. Nc3 Nge7 7. a3 Bxc3+ 8. bxc3 O-O 9. Bd3 Bf5 10. O-O Bxd3 11. Qxd3 dxc4 12. Qxc4 Qd5 13. Qxd5 Nxd5 14. c4 Nf6 15. d5 Na5 16. Bg5 Nxc4 17. Rfc1 b5 18. Bxf6 gxf6 19. Nd4 a6 20. a4 Rab8 21. axb5 axb5 22. Ra7 Rfd8 23. Rxc7 Rxd5 24. Nc6 Rbd8 25. Nxd8 Rxd8 26. Rb7 Rd5 27. g3 Kg7 28. Re1 f5 29. Kg2 Kf6 30. Ree7 Nd6 31. Red7 Ke6 32. Re7+ Kf6 33. Rbd7 b4 34. Rxf7+ Ke5 35. Rxh7 Kd4 36. Rh4+ Kc3 37. Rh6 b3 38. Rhxd6 b2 39. Rxd5 b1=Q 40. Rc5+ Kb4 41. Rb7+ Kxc5 42. Rxb1 1-0


[Site "https://www.chess.com"]

[Event "Titled Tuesday Blitz January 10 Early 2023"]
[White "Orozbaev, Eldiar"]
[Black "Foerster-Yialamas, Lucas"]
[WhiteFideId "13802240"]
[BlackFideId "30901774"]
[WhiteElo "2235"]
[BlackElo "2151"]
[Result "1-0"]
[Round "02"]
[TimeControl "180+2"]
[Date "2023.01.10"]
[WhiteClock "0:01:15"]
[BlackClock "0:01:24"]

1. e4 e5 2. Nf3 Nc6 3. d4 exd4 4. c3 dxc3 5. Bc4 cxb2 6. Bxb2 d5 7. exd5 Na5 8. O-O Be7 9. Bxg7 Nxc4 10. Bxh8 Bf6 11. Bxf6 Qxf6 12. Qe2+ Kf8 13. Qxc4 Qxa1 14. Qb4+ Kg7 15. Nc3 c5 16. dxc6 Qxf1+ 17. Kxf1 bxc6 18. Qd4+ f6 19. Ne4 Ba6+ 20. Kg1 Re8 21. Qxa7+ Re7 22. Qxa6 Rxe4 23. Qxc6 Re7 24. h4 f5 25. h5 Nf6 26. h6+ Kg6 27. Nh4+ Kg5 28. f4+ Kxf4 29. Qxf6 Re5 30. Qxe5+ Kxe5 31. Nxf5 Kxf5 32. a4 Ke4 33. a5 Kd5 34. g4 1-0


[Site "https://www.chess.com"]

[Event "Titled Tuesday Blitz January 10 Early 2023"]
[White "Marcziter, Dmitrii"]
[Black "Kosteniuk, Alexandra"]
[WhiteFideId "13900765"]
[BlackFideId "4128125"]
[WhiteElo "2234"]
[BlackElo "2535"]
[Result "0-1"]
[Round "02"]
[TimeControl "180+2"]
[Date "2023.01.10"]
[WhiteClock "0:00:22"]
[BlackClock "0:00:21"]

1. d4 f5 2. g3 Nf6 3. Bg2 g6 4. Nh3 Bg7 5. Nf4 Nc6 6. d5 Ne5 7. h4 h6 8. Nc3 d6 9. e4 fxe4 10. Nxe4 O-O 11. Nxf6+ Rxf6 12. Be3 Bg4 13. f3 Bd7 14. O-O Qf8 15. Qe2 Qf7 16. Rad1 Rf8 17. Bd4 Rxf4 18. gxf4 Qxf4 19. Qe4 Qf7 20. f4 Bf5 21. Qe2 Bg4 22. Qe4 Nd7 23. Bxg7 Qxg7 24. Rb1 Qf6 25. Rbe1 Rf7 26. Qb4 Nc5 27. Re3 Qxh4 28. Rfe1 Bd7 29. Rf1 g5 30. Ref3 g4 31. f5 h5 32. Qd4 Qf6 33. Qxf6 Rxf6 34. Rf4 a5 35. b3 Kg7 36. Re1 Kf8 37. Be4 Nxe4 38. Rfxe4 Rf7 39. Rc4 c6 40. dxc6 bxc6 41. Rf1 c5 42. Rcf4 Rf6 43. c4 Kg7 44. Kg2 Kh6 45. Re4 Bc6 46. Re1 Rxf5 47. Kg3 Rf3+ 48. Kh2 Bxe4 49. Rxe4 e5 50. Re2 Kg5 51. Rd2 Rf6 52. Kg3 h4+ 53. Kg2 h3+ 54. Kh2 Kh4 55. Re2 Rf2+ 56. Kg1 Rxe2 0-1


[Site "https://www.chess.com"]

[Event "Titled Tuesday Blitz January 10 Early 2023"]
[White "Ilkhomi, Jaloliddin"]
[Black "Samaganova, Aleksandra"]
[WhiteFideId "14700948"]
[BlackFideId "13800221"]
[WhiteElo "1997"]
[BlackElo "1856"]
[Result "1-0"]
[Round "02"]
[TimeControl "180+2"]
[Date "2023.01.10"]
[WhiteClock "0:00:21"]
[BlackClock "0:00:11"]

1. d4 Nf6 2. Nf3 e6 3. Bf4 b6 4. e3 Bb7 5. Nbd2 Be7 6. Bd3 c5 7. c3 O-O 8. O-O d5 9. Ne5 Nc6 10. Qf3 Nd7 11. Qh3 f5 12. Ndf3 Ndxe5 13. Nxe5 Nxe5 14. Bxe5 Bd6 15. f4 Bxe5 16. fxe5 Qg5 17. Rf3 Rf7 18. Raf1 cxd4 19. cxd4 Rc8 20. Rg3 Qe7 21. Rgf3 Qg5 22. Kh1 Rfc7 23. Rf4 Rc1 24. Qf3 Qe7 25. Qe2 h6 26. g4 g6 27. gxf5 exf5 28. Qg2 Kh7 29. h4 R8c6 30. Qg1 Rxf1 31. Qxf1 g5 32. Rxf5 Kh8 33. Rf8+ Kg7 34. Rf2 Bc8 35. Bf5 g4 36. Bxc8 Rxc8 37. Rf6 Rf8 38. Rxf8 Qxf8 39. Qxf8+ Kxf8 40. h5 Ke7 41. Kg2 Ke6 42. Kg3 Kf5 43. Kh4 Ke4 44. Kxg4 Kxe3 45. e6 Kxd4 46. e7 Kc4 47. e8=Q d4 48. Qe2+ d3 49. Qd2 Kd4 50. Kf4 b5 51. b4 a6 52. a3 1-0


[Site "https://www.chess.com"]

[Event "Titled Tuesday Blitz January 10 Early 2023"]
[White "Wagner, Dennis"]
[Black "Guo, Josh"]
[WhiteFideId "24650684"]
[BlackFideId "2682427"]
[WhiteElo "2595"]
[BlackElo "2112"]
[Result "1-0"]
[Round "02"]
[TimeControl "180+2"]
[Date "2023.01.10"]
[WhiteClock "0:00:14"]
[BlackClock "0:00:07"]

1. d4 Nf6 2. Nf3 g6 3. c4 Bg7 4. Nc3 d6 5. e4 O-O 6. Be2 e5 7. Be3 Ng4 8. Bg5 f6 9. Bh4 g5 10. Bg3 Nc6 11. d5 Ne7 12. Nxg5 Nxf2 13. Bxf2 fxg5 14. O-O Ng6 15. Bg4 Nf4 16. Be3 Qe7 17. Bxc8 Raxc8 18. g3 Nh3+ 19. Kg2 Qd7 20. Qh5 g4 21. c5 a6 22. b4 Rxf1 23. Rxf1 Rf8 24. Rxf8+ Bxf8 25. Qf5 Qxf5 26. exf5 Kf7 27. Ne4 Be7 28. Kf1 h5 29. Ke2 Bf8 30. Kd3 Be7 31. Kc4 Ke8 32. a4 Kd7 33. b5 axb5+ 34. Kxb5 Bd8 35. c6+ bxc6+ 36. dxc6+ Kc8 37. Kc4 Kb8 38. f6 Kc8 39. Kd5 1-0


[Site "https://www.chess.com"]

[Event "Titled Tuesday Blitz January 10 Early 2023"]
[White "De Souza, Cristiano Gomes"]
[Black "Rakhmatullaev, Almas"]
[WhiteFideId "2151758"]
[BlackFideId "14205793"]
[WhiteElo "2018"]
[BlackElo "2275"]
[Result "0-1"]
[Round "02"]
[TimeControl "180+2"]
[Date "2023.01.10"]
[WhiteClock "0:00:31"]
[BlackClock "0:00:19"]

1. d4 Nf6 2. c4 e6 3. Nf3 d5 4. Nc3 a6 5. Bg5 Be7 6. e3 h6 7. Bh4 O-O 8. c5 b6 9. b4 a5 10. a3 axb4 11. axb4 Rxa1 12. Qxa1 Nc6 13. b5 Nb4 14. Qb2 bxc5 15. Bxf6 gxf6 16. Be2 cxd4 17. Nxd4 e5 18. Nc6 Nxc6 19. bxc6 d4 20. exd4 exd4 21. Ne4 d3 22. Bf3 f5 23. Nd2 Bf6 24. Qb5 Re8+ 25. Kd1 Qd4 26. Re1 Be6 27. Re3 Rd8 28. Qa5 Bg5 29. Re1 Qb2 0-1


[Site "https://www.chess.com"]

[Event "Titled Tuesday Blitz January 10 Early 2023"]
[White "Seo, Jung Min"]
[Black "Lakshmi C"]
[WhiteFideId "1734687"]
[BlackFideId "25035347"]
[WhiteElo "2494"]
[BlackElo "1928"]
[Result "1-0"]
[Round "02"]
[TimeControl "180+2"]
[Date "2023.01.10"]
[WhiteClock "0:00:10"]
[BlackClock "0:00:01"]

1. Nf3 Nf6 2. c4 e6 3. Nc3 Be7 4. e4 d6 5. d4 O-O 6. Be2 Nbd7 7. O-O e5 8. d5 Ne8 9. Rb1 a5 10. a3 g6 11. b4 b6 12. Ne1 Ng7 13. Be3 f5 14. f3 f4 15. Bf2 Bh4 16. Nd3 Bxf2+ 17. Rxf2 axb4 18. axb4 Ra3 19. Nb5 Ra8 20. Rc1 Ba6 21. Qc2 Nf6 22. Ne1 Bxb5 23. cxb5 Ra7 24. Bf1 Qa8 25. Qd1 g5 26. Rfc2 Rf7 27. g3 Nfh5 28. g4 Nf6 29. Nd3 h5 30. h3 Kh7 31. Qe1 hxg4 32. hxg4 Kg8 33. Rh2 Nge8 34. Qc3 Ra3 35. Qd2 Qa4 36. Nb2 Qb3 37. Rf2 Qe3 38. Qxe3 Rxe3 39. Bd3 Rh7 40. Bf1 Nd7 41. Nd3 Nf8 42. Nb2 Ng6 43. Nd1 Rb3 44. Bg2 Rxb4 45. Rb2 Rxb2 46. Nxb2 Nh4 47. Nd3 Rd7 48. Ra1 Rd8 49. Nb4 Kf7 50. Ra7 Rd7 51. Kf2 Nxg2 52. Kxg2 Ke7 53. Nc6+ Kf6 54. Kf2 Ng7 55. Nb8 Rf7 56. Na6 Ne8 57. Ra8 Re7 58. Nb4 Kf7 59. Nc6 Rd7 60. Kg2 Ng7 61. Rh8 Kg6 62. Rc8 Kf7 63. Nb8 Re7 64. Nc6 Rd7 65. Kg1 Ne8 66. Nb4 Nf6 67. Rh8 Ng8 68. Na6 Kg7 69. Rh2 Nh6 70. Rc2 Nf7 71. Nxc7 Nd8 72. Na6 Nb7 73. Rc6 Nc5 74. Rxb6 Nb3 75. Rb8 Nd4 76. Kf2 1-0


[Site "https://www.chess.com"]

[Event "Titled Tuesday Blitz January 10 Early 2023"]
[White "Boyer, Mahel"]
[Black "Sala, Giulia"]
[WhiteFideId "45102422"]
[BlackFideId "2840451"]
[WhiteElo "2489"]
[BlackElo "1998"]
[Result "1-0"]
[Round "02"]
[TimeControl "180+2"]
[Date "2023.01.10"]
[WhiteClock "0:01:23"]
[BlackClock "0:00:22"]

1. e4 c6 2. Nf3 d5 3. Nc3 g6 4. Qe2 Bg7 5. exd5 cxd5 6. Qb5+ Nc6 7. Qxd5 Nf6 8. Qxd8+ Kxd8 9. Bc4 Bf5 10. d3 e6 11. a3 a6 12. O-O Kc7 13. Bf4+ Kd7 14. Na4 Rad8 15. h3 b5 16. Nc5+ Kc8 17. Bb3 Nd5 18. Bg5 f6 19. Bd2 e5 20. Nxa6 Kb7 21. Nb4 Ndxb4 22. axb4 e4 23. dxe4 Bxe4 24. Bc3 Rhe8 25. Rfe1 Bxf3 26. gxf3 Ne5 27. Kg2 Bh6 28. Red1 Nc4 29. Bxf6 Rxd1 30. Rxd1 Nd2 31. Bd5+ Kb8 32. Bc3 Re2 33. Bc6 Be3 34. Rxd2 Bxd2 35. Bxb5 Bxc3 36. Bxe2 Bxb2 37. Bd3 Bc3 38. b5 Kc7 39. f4 Bd4 40. Kg3 Kd6 41. f3 Ke6 42. Kg4 Kf6 43. f5 Be5 44. fxg6 hxg6 45. f4 Bd4 46. f5 g5 47. c4 Bc5 48. Be4 Bf2 49. Bd5 Bd4 50. Be6 Bc5 51. h4 gxh4 52. Kxh4 Bd4 53. Kg4 Bc5 54. Kf4 Bd4 55. Ke4 Bf2 56. Kd5 Bg1 57. c5 Ke7 58. b6 Bh2 59. c6 Kd8 60. c7+ Bxc7 61. bxc7+ Kxc7 62. f6 Kd8 63. Kd6 Ke8 64. f7+ Kf8 65. Kd7 Kg7 66. Ke7 Kg6 67. f8=Q 1-0


[Site "https://www.chess.com"]

[Event "Titled Tuesday Blitz January 10 Early 2023"]
[White "Marin Ramirez, Gerardo"]
[Black "Krysa, Leandro"]
[WhiteFideId "3901068"]
[BlackFideId "116807"]
[WhiteElo "2127"]
[BlackElo "2541"]
[Result "0-1"]
[Round "02"]
[TimeControl "180+2"]
[Date "2023.01.10"]
[WhiteClock "0:00:01"]
[BlackClock "0:00:13"]

1. d4 d5 2. Nf3 Nf6 3. c4 c6 4. Nc3 dxc4 5. a4 Bf5 6. e3 e6 7. Bxc4 Bb4 8. O-O O-O 9. Qe2 Nbd7 10. h3 Bg6 11. Bd2 a5 12. Na2 Bd6 13. Rfd1 Qe7 14. Nc3 e5 15. Nh4 exd4 16. Nxg6 hxg6 17. exd4 Qxe2 18. Bxe2 Nb6 19. Bf3 Rfd8 20. Bg5 Be7 21. Ne4 Nbd5 22. Nc5 Rab8 23. Bd2 Nb4 24. Bxb4 axb4 25. a5 Bxc5 26. dxc5 Nd7 27. a6 bxa6 28. Bxc6 Nxc5 29. Rxd8+ Rxd8 30. Ra5 Nd3 31. b3 Rd6 32. Rxa6 Nc5 33. Ra8+ Kh7 34. Ba4 Rd1+ 35. Kh2 Ra1 0-1


[Site "https://www.chess.com"]

[Event "Titled Tuesday Blitz January 10 Early 2023"]
[White "Skvortsov, Andrei"]
[Black "Sailer, Mike"]
[WhiteFideId "24108600"]
[BlackFideId "2012901"]
[WhiteElo "2313"]
[BlackElo "2109"]
[Result "1-0"]
[Round "02"]
[TimeControl "180+2"]
[Date "2023.01.10"]
[WhiteClock "0:01:13"]
[BlackClock "0:00:11"]

1. c4 e6 2. Nc3 d5 3. cxd5 exd5 4. d4 Nf6 5. Bg5 Be7 6. e3 O-O 7. Bd3 c6 8. Nge2 Bg4 9. O-O Nbd7 10. Qc2 Re8 11. f3 Bh5 12. Rae1 Nf8 13. Bh4 Bg6 14. Nf4 Bxd3 15. Nxd3 Ng6 16. Bf2 Bd6 17. e4 dxe4 18. fxe4 Ng4 19. e5 Nxf2 20. Qxf2 Bf8 21. Qxf7+ Kh8 22. Re4 c5 23. d5 c4 24. Nf4 Nxe5 25. Qf5 Bc5+ 26. Kh1 Nd3 27. Ne6 Qf6 28. Qxf6 gxf6 29. Nxc5 Nxc5 30. Rxc4 Nd3 31. b3 Re3 32. g3 Rae8 33. Rxf6 Ne5 34. Rc7 Ng4 35. Rff7 Re1+ 36. Kg2 Ne3+ 37. Kh3 Re5 38. Rf8# 1-0


[Site "https://www.chess.com"]

[Event "Titled Tuesday Blitz January 10 Early 2023"]
[White "Vargas, Mauricio"]
[Black "Arabidze, Meri"]
[WhiteFideId "4404572"]
[BlackFideId "13604040"]
[WhiteElo "2035"]
[BlackElo "2441"]
[Result "0-1"]
[Round "02"]
[TimeControl "180+2"]
[Date "2023.01.10"]
[WhiteClock "0:00:03"]
[BlackClock "0:01:14"]

1. e4 c5 2. Nc3 e6 3. f4 a6 4. Nf3 Nc6 5. d3 d5 6. e5 Nge7 7. g4 h5 8. g5 g6 9. Bg2 Nf5 10. O-O Be7 11. Ne2 b5 12. c3 Bb7 13. Qe1 Qb6 14. Kh1 O-O 15. Ng3 Ng7 16. h3 Rfe8 17. Nh2 a5 18. Qe2 a4 19. a3 b4 20. axb4 cxb4 21. Bd2 Ba6 22. Be3 Qb5 23. Rad1 a3 24. bxa3 bxc3 25. Kg1 Bxa3 26. Nh1 Qb2 27. Qf3 c2 28. Rc1 Qb3 29. Nf2 Bxc1 30. Bxc1 Nf5 31. Nhg4 hxg4 32. Nxg4 Kg7 33. Nf6 Rh8 34. Re1 Ncd4 35. Qe3 Nxe3 36. Rxe3 Nf5 37. Rf3 Qb1 38. Rf1 Bxd3 39. Re1 Ra1 0-1


[Site "https://www.chess.com"]

[Event "Titled Tuesday Blitz January 10 Early 2023"]
[White "Ruge, Edison"]
[Black "Tari, Aryan"]
[WhiteFideId "4401000"]
[BlackFideId "1510045"]
[WhiteElo "2201"]
[BlackElo "2642"]
[Result "0-1"]
[Round "02"]
[TimeControl "180+2"]
[Date "2023.01.10"]
[WhiteClock "0:00:08"]
[BlackClock "0:00:18"]

1. e4 c6 2. d3 d5 3. Nd2 e5 4. Ngf3 Bd6 5. g3 Nf6 6. Bg2 O-O 7. O-O Re8 8. Re1 h6 9. h3 Nbd7 10. c4 dxe4 11. dxe4 a5 12. b3 Nc5 13. Qc2 Bf8 14. Bf1 Qc7 15. Bb2 Bd6 16. Rad1 Be6 17. Bg2 Ncd7 18. Nf1 a4 19. Ne3 Bc5 20. Nh4 axb3 21. axb3 Ra2 22. Qb1 Rea8 23. Nhf5 Qb6 24. Rd3 Bf8 25. Red1 Nc5 26. Bxe5 Nxd3 27. Qxd3 Nd7 28. Bd6 Bxd6 29. Qxd6 Qxb3 30. Ne7+ Kh8 31. N3f5 Qb2 32. Qd4 Qxd4 33. Nxd4 Ra1 34. Rxa1 Rxa1+ 35. Kh2 Bxc4 36. g4 c5 37. Ndf5 b5 38. Nd6 Rd1 39. Nef5 Be6 40. Nxb5 c4 41. Ne3 Rc1 42. Nd4 Ne5 43. f4 Rc3 44. Nec2 Nc6 45. f5 Bd7 46. Nxc6 Bxc6 47. Nd4 Be8 48. e5 Rd3 49. Nc2 Rd2 50. Ne3 c3 51. Kg3 c2 52. Nxc2 Rxc2 53. Bd5 Rc5 54. Be4 Rxe5 0-1


[Site "https://www.chess.com"]

[Event "Titled Tuesday Blitz January 10 Early 2023"]
[White "Shipov, Sergei"]
[Black "Ronka, Erik"]
[WhiteFideId "4113624"]
[BlackFideId "505080"]
[WhiteElo "2541"]
[BlackElo "2276"]
[Result "1-0"]
[Round "02"]
[TimeControl "180+2"]
[Date "2023.01.10"]
[WhiteClock "0:00:39"]
[BlackClock "0:00:06"]

1. d4 d5 2. c4 c6 3. Nc3 Nf6 4. Nf3 e6 5. e3 Nbd7 6. Qc2 Bd6 7. Bd2 O-O 8. O-O-O b5 9. e4 b4 10. e5 bxc3 11. Bxc3 Be7 12. exf6 Nxf6 13. c5 a5 14. Ne5 Qc7 15. Bd3 Ba6 16. Rhe1 Bxd3 17. Rxd3 Nd7 18. Rh3 g6 19. Qd2 Nxe5 20. Qh6 Bg5+ 21. Qxg5 Nc4 22. b3 Na3 23. Bb2 Nb5 24. a4 Na7 25. Qh6 f6 26. Rxe6 Rae8 27. Rhe3 Rxe6 28. Rxe6 Qb7 29. Kc2 Nc8 30. Qe3 Kg7 31. Bc3 Rf7 32. Bxa5 Ne7 33. g4 g5 34. f4 gxf4 35. Qxf4 Ng6 36. Qe3 Qc8 37. Bd2 Nf4 38. Re8 Qd7 39. h4 Ng6 40. Qh6# 1-0


[Site "https://www.chess.com"]

[Event "Titled Tuesday Blitz January 10 Early 2023"]
[White "Garakov, Mikhael"]
[Black "Tan, Zhongyi"]
[WhiteFideId "4169034"]
[BlackFideId "8603642"]
[WhiteElo "2447"]
[BlackElo "2517"]
[Result "1-0"]
[Round "02"]
[TimeControl "180+2"]
[Date "2023.01.10"]
[WhiteClock "0:00:09"]
[BlackClock "0:00:03"]

1. e4 c5 2. Nf3 d6 3. d4 cxd4 4. Nxd4 Nf6 5. Nc3 g6 6. Be3 Bg7 7. f3 O-O 8. Qd2 Nc6 9. Bc4 Bd7 10. h4 h5 11. O-O-O Ne5 12. Bb3 Rc8 13. Kb1 Nc4 14. Bxc4 Rxc4 15. b3 Rc8 16. Nde2 b5 17. Bd4 Bc6 18. Nd5 Bxd5 19. exd5 Qc7 20. g4 Nxd5 21. Bxg7 Kxg7 22. gxh5 Nc3+ 23. Nxc3 Qxc3 24. Qg2 Qf6 25. hxg6 fxg6 26. h5 Rh8 27. hxg6 Rcf8 28. Rh7+ Rxh7 29. gxh7+ Kh8 30. Rg1 Qf7 31. f4 a5 32. f5 a4 33. Kb2 Qf6+ 34. c3 Qf7 35. Qg8+ Rxg8 36. hxg8=Q+ Qxg8 37. Rxg8+ Kxg8 38. c4 bxc4 39. bxa4 Kf7 40. a5 e5 41. a6 e4 42. a7 e3 43. a8=Q e2 44. Qe4 1-0


[Site "https://www.chess.com"]

[Event "Titled Tuesday Blitz January 10 Early 2023"]
[White "Halkias, Stelios"]
[Black "Melikhov, Evgeny V."]
[WhiteFideId "4201809"]
[BlackFideId "4122046"]
[WhiteElo "2511"]
[BlackElo "2269"]
[Result "1-0"]
[Round "02"]
[TimeControl "180+2"]
[Date "2023.01.10"]
[WhiteClock "0:00:52"]
[BlackClock "0:00:10"]

1. Nf3 d5 2. d4 Nf6 3. c4 e6 4. g3 dxc4 5. Bg2 Nc6 6. O-O Rb8 7. Nc3 b5 8. Ne5 Nb4 9. a3 Nbd5 10. Nc6 Qd6 11. Nxb8 Qb6 12. e4 Nxc3 13. bxc3 Qxb8 14. Rb1 a6 15. a4 c6 16. Bf4 Qb6 17. axb5 cxb5 18. Qe2 Qa5 19. d5 Bc5 20. Be5 O-O 21. Bxf6 gxf6 22. Qf3 f5 23. exf5 exd5 24. Rbd1 Qb6 25. f6 Kh8 26. Qxd5 Be6 27. Qh5 Rg8 28. Be4 Rg6 29. Bxg6 fxg6 30. Qh6 Qc7 31. Rd8+ Bg8 32. Re1 1-0


[Site "https://www.chess.com"]

[Event "Titled Tuesday Blitz January 10 Early 2023"]
[White "Begmuratov, Khumoyun"]
[Black "Szyszylo, Rafal"]
[WhiteFideId "14210207"]
[BlackFideId "1109626"]
[WhiteElo "2387"]
[BlackElo "2091"]
[Result "1-0"]
[Round "02"]
[TimeControl "180+2"]
[Date "2023.01.10"]
[WhiteClock "0:01:05"]
[BlackClock "0:00:01"]

1. e4 d6 2. d4 Nf6 3. Nc3 c6 4. f3 g6 5. Be3 b5 6. a3 Nbd7 7. Qd2 Nb6 8. Bh6 Nc4 9. Bxc4 bxc4 10. Bxf8 Rxf8 11. Nge2 Rb8 12. Rb1 Qa5 13. O-O Ba6 14. Rfe1 h5 15. h4 e5 16. dxe5 Qxe5 17. Rbd1 Rxb2 18. Qxd6 Qxd6 19. Rxd6 Ke7 20. Rxc6 Rb6 21. Nd4 Rfb8 22. Rc7+ Kf8 23. e5 Ne8 24. Rxa7 R8b7 25. Rxb7 Bxb7 26. e6 Rd6 27. Ncb5 Rd5 28. exf7 Kxf7 29. a4 Nd6 30. c3 Nxb5 31. axb5 Bc8 32. Ra1 Kf6 33. Ra7 Bf5 34. b6 Rd6 35. b7 Rb6 36. Ra6 Rxa6 37. b8=Q Ra1+ 38. Kh2 Bd3 39. Qd6+ Kf7 40. Qe6+ Kg7 41. Qe7+ Kh6 42. Ne6 Ra7 43. Qf8+ Kh7 44. Ng5# 1-0


[Site "https://www.chess.com"]

[Event "Titled Tuesday Blitz January 10 Early 2023"]
[White "Subelj, Jan"]
[Black "Gracia Alvarez, Gerardo Antonio"]
[WhiteFideId "14618583"]
[BlackFideId "5109124"]
[WhiteElo "2513"]
[BlackElo "2238"]
[Result "1/2-1/2"]
[Round "02"]
[TimeControl "180+2"]
[Date "2023.01.10"]
[WhiteClock "0:00:31"]
[BlackClock "0:00:05"]

1. a3 e5 2. e4 Nf6 3. Nc3 d5 4. exd5 Nxd5 5. Nf3 Nxc3 6. bxc3 Bd6 7. d4 e4 8. Nd2 O-O 9. Nc4 Qf6 10. g3 Qg6 11. Bg2 Bg4 12. Qd2 Bf3 13. O-O Nd7 14. Qg5 Bxg2 15. Qxg6 hxg6 16. Kxg2 Rfe8 17. a4 f5 18. a5 b6 19. axb6 axb6 20. Bg5 Kf7 21. f3 exf3+ 22. Kxf3 b5 23. Ne3 Nf6 24. Bxf6 gxf6 25. c4 bxc4 26. Nxc4 g5 27. Rxa8 Rxa8 28. Ke2 Ke6 29. Kd3 Rh8 30. Rf2 f4 31. Nxd6 cxd6 32. gxf4 gxf4 33. Ke4 Rh4 34. d5+ Kf7 35. c4 Kg6 36. Rg2+ Kf7 37. Rc2 Kg6 38. c5 dxc5 39. d6 f3+ 40. Kd5 Rd4+ 41. Kxc5 Rd1 42. Rf2 Rd3 43. Kc6 Kf7 44. h4 Ke6 45. Kc5 Rxd6 46. Rxf3 Rd5+ 47. Kc4 Rh5 48. Rf4 Ke5 49. Rd4 f5 50. Kc5 Kf6 51. Kd6 Kg6 52. Ke5 Rh8 53. Rd6+ Kh5 54. Kxf5 Kxh4 55. Rd1 Kg3 56. Rg1+ Kf3 57. Rf1+ Ke2 58. Rf4 Rf8+ 59. Kg4 Rxf4+ 60. Kxf4 1/2-1/2


[Site "https://www.chess.com"]

[Event "Titled Tuesday Blitz January 10 Early 2023"]
[White "marik_spb"]
[Black "Korchmar, Vasiliy"]
[BlackFideId "24131750"]
[WhiteElo "2432"]
[BlackElo "2438"]
[Result "0-1"]
[Round "02"]
[TimeControl "180+2"]
[Date "2023.01.10"]
[WhiteClock "0:00:05"]
[BlackClock "0:00:47"]

1. e4 c5 2. c3 d5 3. exd5 Qxd5 4. d4 Nf6 5. Nf3 e6 6. Be3 Nc6 7. dxc5 Qxd1+ 8. Kxd1 Ng4 9. b4 Nxe3+ 10. fxe3 a5 11. Bb5 Bd7 12. Nbd2 axb4 13. Bxc6 Bxc6 14. cxb4 b6 15. Nb3 bxc5 16. bxc5 Bd5 17. Kd2 Be7 18. Nfd4 O-O 19. Rhc1 Rfc8 20. g3 g6 21. Kd3 f5 22. a4 e5 23. Nd2 exd4 24. exd4 Bf6 25. Nc4 Be4+ 26. Ke3 Bg5+ 27. Kf2 Bxc1 28. Rxc1 Rxa4 29. Nb6 Ra2+ 30. Ke3 Re8 31. Kf4 h6 32. Nd7 g5+ 33. Ke3 Bc6+ 34. Ne5 Rxh2 35. Kd3 Be4+ 36. Kc4 Rc2+ 37. Rxc2 Bxc2 38. c6 Ba4 39. Kc5 Rxe5+ 40. dxe5 Kf7 41. Kd6 Bxc6 42. e6+ Kf6 43. Kxc6 Kxe6 44. Kc5 Ke5 45. Kc4 Ke4 46. Kc3 g4 47. Kd2 Kf3 48. Ke1 Kxg3 49. Kf1 Kh2 50. Kf2 g3+ 0-1


[Site "https://www.chess.com"]

[Event "Titled Tuesday Blitz January 10 Early 2023"]
[White "Topalov, Aleksandar"]
[Black "Tasev, Dejan"]
[WhiteFideId "925659"]
[BlackFideId "936618"]
[WhiteElo "2233"]
[BlackElo "2205"]
[Result "0-1"]
[Round "02"]
[TimeControl "180+2"]
[Date "2023.01.10"]
[WhiteClock "0:00:04"]
[BlackClock "0:00:13"]

1. b3 Nf6 2. Bb2 g6 3. Bxf6 exf6 4. c4 Bg7 5. Nc3 f5 6. e3 O-O 7. Nge2 d6 8. g3 c6 9. Bg2 Nd7 10. O-O Nf6 11. Rb1 h5 12. b4 h4 13. b5 Bd7 14. bxc6 bxc6 15. Rb7 Qa5 16. Qb3 hxg3 17. hxg3 Rfd8 18. d4 Qa6 19. Rb1 Be6 20. d5 cxd5 21. cxd5 Bd7 22. Nd4 Rdc8 23. Nc6 Rxc6 24. dxc6 Be6 25. Qb5 Qa3 26. Qb4 Qa6 27. Rb8+ Rxb8 28. Qxb8+ Kh7 29. Nb5 Qxa2 30. Nxd6 Ng4 31. Rf1 Be5 32. Bf3 Nf6 33. Qd8 Kg7 34. Kg2 Ng4 35. Ne8+ Kf8 36. Nf6+ Kg7 37. Ne8+ Kf8 38. Nc7+ Kg7 39. Nxe6+ Qxe6 40. Bxg4 fxg4 41. Qd7 Qf6 42. Qd5 Bc7 43. Rh1 a5 44. Rd1 a4 45. Qe4 a3 46. Rd7 a2 0-1


[Site "https://www.chess.com"]

[Event "Titled Tuesday Blitz January 10 Early 2023"]
[White "Tologon tegin, Semetei"]
[Black "Mrudul Dehankar"]
[WhiteFideId "13800574"]
[BlackFideId "25096990"]
[WhiteElo "2372"]
[BlackElo "2030"]
[Result "1-0"]
[Round "02"]
[TimeControl "180+2"]
[Date "2023.01.10"]
[WhiteClock "0:00:46"]
[BlackClock "0:00:12"]

1. e4 c6 2. Nc3 d5 3. Nf3 Bg4 4. h3 Bxf3 5. Qxf3 e6 6. d3 Nd7 7. Be2 Ngf6 8. Qg3 Qb6 9. O-O d4 10. Nd1 c5 11. f4 O-O-O 12. Bd2 h6 13. a3 g5 14. fxg5 hxg5 15. Bxg5 Rg8 16. Qh4 Be7 17. e5 Rxg5 18. Qxg5 Rg8 19. Qf4 Nd5 20. Qxf7 Rg5 21. Bf3 Nxe5 22. Qe8+ Kc7 23. Bxd5 exd5 24. Qxe7+ 1-0


[Site "https://www.chess.com"]